Workbook

Sheet FTR - Results
G2: Results Tracker: KPI Dashboard | H2: Start Bank (Points) | I2: 100 | J2: Current Bank (Points) | K2: =N37+I2 -> 96.4888 | L2: Total Points Staked | N2: =I37 -> 100
H3: Start Date | I3: 45809 | J3: PnL (Points +/-) | K3: =K2-I2 -> -3.5112 | L3: Return on Investment (ROI) | N3: =K3/N2*100 -> -3.5112
H4: Active Days | I4: 26 | J4: Bank Growth (%) | K4: =K3/I2*100 -> -3.5112 | L4: Return on Capital (ROC) | N4: =K3/I2*100 -> -3.5112
B6: Day | C6: Date | D6: Comp | E6: Match | F6: Market | G6: Selection | H6: Price | I6: Points | J6: FT Result | K6: W/D/L | L6: Points (+/-) | M6: BF Comm | N6: Total Points
B7: 1 | C7: =I3 -> 45809 | D7: ALL | E7: Sirius v AIK | F7: Match Odds | G7: AIK | H7: 2.31 | I7: 4 | J7: 3-1 | K7: L | L7: =IF(K7="w",(H7-1)*I7,-I7) -> -4 | M7: =IF(K7="w",(L7/100*2),0) -> 0 | N7: =L7-M7 -> -4
B8: 2 | C8: =C7+1 -> 45810 | D8: No Selection | L8: =IF(K8="w",(H8-1)*I8,-I8) -> 0 | M8: =IF(K8="w",(L8/100*2),0) -> 0 | N8: =L8-M8 -> 0
B9: 3 | C9: =C8+1 -> 45811 | D9: No Selection | L9: =IF(K9="w",(H9-1)*I9,-I9) -> 0 | M9: =IF(K9="w",(L9/100*2),0) -> 0 | N9: =L9-M9 -> 0
B10: 4 | C10: =C9+1 -> 45812 | D10: UNL | E10: Germany v Portugal | F10: Match Odds | G10: Germany | H10: 1.94 | I10: 4 | J10: 1-2 | K10: L | L10: =IF(K10="w",(H10-1)*I10,-I10) -> -4 | M10: =IF(K10="w",(L10/100*2),0) -> 0 | N10: =L10-M10 -> -4
B11: 5 | C11: =C10+1 -> 45813 | D11: UNL | E11: Spain v France | F11: O/U 2.5 goals | G11: Over | H11: 2.02 | I11: 4 | J11: 5-4 | K11: W | L11: =IF(K11="w",(H11-1)*I11,-I11) -> 4.08 | M11: =IF(K11="w",(L11/100*2),0) -> 0.0816 | N11: =L11-M11 -> 3.9984
B12: 6 | C12: =C11+1 -> 45814 | D12: WCQ | E12: Norway v Italy | F12: O/U 2.5 goals | G12: Over | H12: 2.04 | I12: 4 | J12: 3-0 | K12: W | L12: =IF(K12="w",(H12-1)*I12,-I12) -> 4.16 | M12: =IF(K12="w",(L12/100*2),0) -> 0.0832 | N12: =L12-M12 -> 4.0768
B13: 7 | C13: =C12+1 -> 45815 | D13: WCQ | E13: Finland v Netherlands | F13: MO&O/U 2.5 goals | G13: Netherlands / Over | H13: 2 | I13: 4 | J13: 0-2 | K13: L | L13: =IF(K13="w",(H13-1)*I13,-I13) -> -4 | M13: =IF(K13="w",(L13/100*2),0) -> 0 | N13: =L13-M13 -> -4
B14: 8 | C14: =C13+1 -> 45816 | D14: UNL | E14: Portugal v Spain | F14: Match Odds | G14: Spain | H14: 2.06 | I14: 4 | J14: 2-2 | K14: L | L14: =IF(K14="w",(H14-1)*I14,-I14) -> -4 | M14: =IF(K14="w",(L14/100*2),0) -> 0 | N14: =L14-M14 -> -4
B15: 9 | C15: =C14+1 -> 45817 | D15: WCQ | E15: Croatia v Czechia | F15: MO&O/U 2.5 goals | G15: Croatia / Over | H15: 3.4 | I15: 4 | J15: 5-1 | K15: W | L15: =IF(K15="w",(H15-1)*I15,-I15) -> 9.6 | M15: =IF(K15="w",(L15/100*2),0) -> 0.192 | N15: =L15-M15 -> 9.408
B16: 10 | C16: =C15+1 -> 45818 | D16: WCQ | E16: Finland v Poland | F16: MO&O/U 2.5 goals | G16: Poland / Under | H16: 4.6 | I16: 4 | J16: 2-1 | K16: L | L16: =IF(K16="w",(H16-1)*I16,-I16) -> -4 | M16: =IF(K16="w",(L16/100*2),0) -> 0 | N16: =L16-M16 -> -4
B17: 11 | C17: =C16+1 -> 45819 | D17: SED | E17: Oviedo v Almeria | F17: Match Odds | G17: Oviedo | H17: 2.34 | I17: 4 | J17: 1-1 | K17: L | L17: =IF(K17="w",(H17-1)*I17,-I17) -> -4 | M17: =IF(K17="w",(L17/100*2),0) -> 0 | N17: =L17-M17 -> -4
B18: 12 | C18: =C17+1 -> 45820 | D18: SED | E18: Mirandes v Santander | F18: Match Odds | G18: Mirandes | H18: 2.12 | I18: 4 | J18: 4-1 | K18: W | L18: =IF(K18="w",(H18-1)*I18,-I18) -> 4.48 | M18: =IF(K18="w",(L18/100*2),0) -> 0.0896 | N18: =L18-M18 -> 4.3904
B19: 13 | C19: =C18+1 -> 45821 | D19: No Selection | L19: =IF(K19="w",(H19-1)*I19,-I19) -> 0 | M19: =IF(K19="w",(L19/100*2),0) -> 0 | N19: =L19-M19 -> 0
B20: 14 | C20: =C19+1 -> 45822 | D20: CWC | E20: Al Ahly v Inter Miami | F20: Asian Handicap | G20: Al Ahly +0.5 | H20: 1.85 | I20: 4 | J20: 0-0 | K20: W | L20: =IF(K20="w",(H20-1)*I20,-I20) -> 3.4 | M20: =IF(K20="w",(L20/100*2),0) -> 0.068 | N20: =L20-M20 -> 3.332
B21: 15 | C21: =C20+1 -> 45823 | D21: CWC | E21: PSG v Atletico Madrid | F21: Match Odds | G21: PSG | H21: 1.99 | I21: 4 | J21: 4-0 | K21: W | L21: =IF(K21="w",(H21-1)*I21,-I21) -> 3.96 | M21: =IF(K21="w",(L21/100*2),0) -> 0.0792 | N21: =L21-M21 -> 3.8808
B22: 16 | C22: =C21+1 -> 45824 | D22: CWC | E22: Chelsea vs Los Angeles FC | F22: Match Odds & BTTS | G22: Chelsea/Yes | H22: 2.88 | I22: 4 | J22: 2-0 | K22: L | L22: =IF(K22="w",(H22-1)*I22,-I22) -> -4 | M22: =IF(K22="w",(L22/100*2),0) -> 0 | N22: =L22-M22 -> -4
B23: 17 | C23: =C22+1 -> 45825 | D23: CWC | E23: River Plate vs Urawa Red Diamonds | F23: HT/FT | G23: River Plate/River Plate | H23: 2.36 | I23: 4 | J23: 3-1 | K23: W | L23: =IF(K23="w",(H23-1)*I23,-I23) -> 5.44 | M23: =IF(K23="w",(L23/100*2),0) -> 0.1088 | N23: =L23-M23 -> 5.3312
B24: 18 | C24: =C23+1 -> 45826 | D24: CWC | E24: Real Madrid v Al Hilal | F24: Asian Handicap | G24: Al Hilal +1.5 | H24: 2 | I24: 4 | J24: 1-1 | K24: W | L24: =IF(K24="w",(H24-1)*I24,-I24) -> 4 | M24: =IF(K24="w",(L24/100*2),0) -> 0.08 | N24: =L24-M24 -> 3.92
B25: 19 | C25: =C24+1 -> 45827 | D25: CWC | E25: Inter Miami v Porto | F25: Match Odds | G25: Porto | H25: 1.95 | I25: 4 | J25: 2-1 | K25: L | L25: =IF(K25="w",(H25-1)*I25,-I25) -> -4 | M25: =IF(K25="w",(L25/100*2),0) -> 0 | N25: =L25-M25 -> -4
B26: 20 | C26: =C25+1 -> 45828 | D26: CWC | E26: Flamengo v Chelsea | F26: Match Odds | G26: Chelsea | H26: 2.16 | I26: 4 | J26: 3-1 | K26: L | L26: =IF(K26="w",(H26-1)*I26,-I26) -> -4 | M26: =IF(K26="w",(L26/100*2),0) -> 0 | N26: =L26-M26 -> -4
B27: 21 | C27: =C26+1 -> 45829 | D27: CWC | E27: Inter Milan v Urawa | F27: MO&O/U 2.5 goals | G27: Inter / Yes | H27: 1.9 | I27: 4 | J27: 2-1 | K27: W | L27: =IF(K27="w",(H27-1)*I27,-I27) -> 3.6 | M27: =IF(K27="w",(L27/100*2),0) -> 0.072 | N27: =L27-M27 -> 3.528
B28: 22 | C28: =C27+1 -> 45830 | D28: CWC | E28: Real Madrid v Pachuca | F28: MO&BTTS | G28: Real Madrid / Yes | H28: 2.8 | I28: 4 | J28: 3-1 | K28: W | L28: =IF(K28="w",(H28-1)*I28,-I28) -> 7.2 | M28: =IF(K28="w",(L28/100*2),0) -> 0.144 | N28: =L28-M28 -> 7.056
B29: 23 | C29: =C28+1 -> 45831 | D29: CWC | E29: Atletico Madrid v Botafogo | F29: Asian Handicap | G29: Atletico -1 | H29: 2.24 | I29: 4 | J29: 1-0 | K29: D | L29: 0 | M29: =IF(K29="w",(L29/100*2),0) -> 0 | N29: =L29-M29 -> 0
B30: 24 | C30: =C29+1 -> 45832 | D30: CWC | E30: Benfica v Bayern Munich | F30: MO&O/U 2.5 goals | G30: Bayern/Over | H30: 2.94 | I30: 4 | J30: 1-0 | K30: L | L30: =IF(K30="w",(H30-1)*I30,-I30) -> -4 | M30: =IF(K30="w",(L30/100*2),0) -> 0 | N30: =L30-M30 -> -4
B31: 25 | C31: =C30+1 -> 45833 | D31: CWC | E31: Dortmund v Ulsam | F31: O/U 3.5 goals | G31: Over | H31: 2.14 | I31: 4 | J31: 1-0 | K31: L | L31: =IF(K31="w",(H31-1)*I31,-I31) -> -4 | M31: =IF(K31="w",(L31/100*2),0) -> 0 | N31: =L31-M31 -> -4
B32: 26 | C32: =C31+1 -> 45834 | D32: CWC | E32: Juventus v Man City | F32: Match Odds | G32: Man City | H32: 1.91 | I32: 4 | J32: 2-5 | K32: W | L32: =IF(K32="w",(H32-1)*I32,-I32) -> 3.64 | M32: =IF(K32="w",(L32/100*2),0) -> 0.0728 | N32: =L32-M32 -> 3.5672
B33: 27 | C33: =C32+1 -> 45835 | D33: No Selection | I33: 0 | L33: =IF(K33="w",(H33-1)*I33,-I33) -> 0 | M33: =IF(K33="w",(L33/100*2),0) -> 0 | N33: =L33-M33 -> 0
B34: 28 | C34: =C33+1 -> 45836 | D34: CWC | E34: Palmeiras v Botafogo | F34: Match Odds | G34: Palmeiras | H34: 2.32 | I34: 4 | J34: 0-0 | K34: L | L34: =IF(K34="w",(H34-1)*I34,-I34) -> -4 | M34: =IF(K34="w",(L34/100*2),0) -> 0 | N34: =L34-M34 -> -4
B35: 29 | C35: =C34+1 -> 45837 | D35: CWC | E35: PSG v Inter Miami | F35: O/U 3.5 goals | G35: Under | H35: 2.34 | I35: 4 | J35: 4-0 | K35: L | L35: =IF(K35="w",(H35-1)*I35,-I35) -> -4 | M35: =IF(K35="w",(L35/100*2),0) -> 0 | N35: =L35-M35 -> -4
B36: 30 | C36: =C35+1 -> 45838 | D36: CWC | E36: Inter Milan v Fluminense | F36: BTTS | G36: Yes | H36: 2.28 | I36: 4 | J36: 0-2 | K36: L | L36: =IF(K36="w",(H36-1)*I36,-I36) -> -4 | M36: =IF(K36="w",(L36/100*2),0) -> 0 | N36: =L36-M36 -> -4
I37: =SUM(I7:I36) -> 100 | J37: Pts Staked | K37: PnL | L37: =SUM(L7:L36) -> -2.44 | M37: =SUM(M7:M36) -> 1.0712 | N37: =L37-M37 -> -3.5112

Sheet FTR - Chart
B2: FOOTBALL TRADING ROOM - JUNE 2025: DAILY RESULTS
B4: Day | C4: Day Points: Profit / Loss | D4: Accumulated Points
B5: 0 | C5: 0 | D5: 0
B6: 1 | C6: ='FTR - Results'!N7 -> -4 | D6: =D5+C6 -> -4
B7: 2 | C7: ='FTR - Results'!N8 -> 0 | D7: =D6+C7 -> -4
B8: 3 | C8: ='FTR - Results'!N9 -> 0 | D8: =D7+C8 -> -4
B9: 4 | C9: ='FTR - Results'!N10 -> -4 | D9: =D8+C9 -> -8
B10: 5 | C10: ='FTR - Results'!N11 -> 3.9984 | D10: =D9+C10 -> -4.0016
B11: 6 | C11: ='FTR - Results'!N12 -> 4.0768 | D11: =D10+C11 -> 0.0752
B12: 7 | C12: ='FTR - Results'!N13 -> -4 | D12: =D11+C12 -> -3.9248
B13: 8 | C13: ='FTR - Results'!N14 -> -4 | D13: =D12+C13 -> -7.9248
B14: 9 | C14: ='FTR - Results'!N15 -> 9.408 | D14: =D13+C14 -> 1.4832
B15: 10 | C15: ='FTR - Results'!N16 -> -4 | D15: =D14+C15 -> -2.5168
B16: 11 | C16: ='FTR - Results'!N17 -> -4 | D16: =D15+C16 -> -6.5168
B17: 12 | C17: ='FTR - Results'!N18 -> 4.3904 | D17: =D16+C17 -> -2.1264
... B35: 30 | C35: ='FTR - Results'!N36 -> -4 | D35: =D34+C35 -> -3.5112

Sheet PGX5 - Results
G2: Record Tracking & Stake Calculation | H2: Start Bank (£) | I2: 1000 | N2: End Bank (£) | O2: =O36 -> 1073.6753
H3: Start Date | I3: ='FTR - Results'!I3 -> 45809 | N3: Growth (£) | O3: =O2-I2 -> 73.675345
H4: Days # | I4: 26 | N4: Increase (%) | O4: =SUM(O2-I2)/I2*100 -> 7.3675345
B6: Day | C6: Date | D6: Comp | E6: Match | F6: Market | G6: Selection | H6: Price | I6: Stake | J6: Result | K6: W/L/D | L6: Start Bank | M6: PnL | N6: BF Comm. | O6: End Bank
B7: 1 | C7: =I3 -> 45809 | D7: SUL | E7: Samsunspor vs. Kayserispor | F7: BTTS | G7: Yes | H7: 1.8 | I7: =L7/16.5 -> 60.606061 | J7: 2-1 | K7: W | L7: =I2 -> 1000 | M7: =IF(K7="w",(H7-1)*I7,-I7) -> 48.484848 | N7: =IF(K7="w",(M7/100*2),0) -> 0.96969697 | O7: =L7+M7 -> 1048.4848
B8: 2 | C8: =C7+1 -> 45810 | D8: No Selection | I8: 0 | L8: =O7 -> 1048.4848 | M8: =IF(K8="w",(H8-1)*I8,-I8) -> 0 | N8: =IF(K8="w",(M8/100*2),0) -> 0 | O8: =L8+M8 -> 1048.4848
B9: 3 | C9: =C8+1 -> 45811 | D9: No Selection | I9: 0 | L9: =O8 -> 1048.4848 | M9: =IF(K9="w",(H9-1)*I9,-I9) -> 0 | N9: =IF(K9="w",(M9/100*2),0) -> 0 | O9: =L9+M9 -> 1048.4848
B10: 4 | C10: =C9+1 -> 45812 | D10: UNL | E10: Germany v Portugal | F10: Match Odds | G10: Germany | H10: 1.94 | I10: =L10/16.5 -> 63.544536 | J10: 1-2 | K10: L | L10: =O9 -> 1048.4848 | M10: =IF(K10="w",(H10-1)*I10,-I10) -> -63.544536 | N10: =IF(K10="w",(M10/100*2),0) -> 0 | O10: =L10+M10 -> 984.94031
B11: 5 | C11: =C10+1 -> 45813 | D11: UNL | E11: Spain v France | F11: BTTS | G11: Yes | H11: 1.77 | I11: =L11/16.5 -> 59.693352 | J11: 5-4 | K11: W | L11: =O10 -> 984.94031 | M11: =IF(K11="w",(H11-1)*I11,-I11) -> 45.963881 | N11: =IF(K11="w",(M11/100*2),0) -> 0.91927762 | O11: =L11+M11 -> 1030.9042
B12: 6 | C12: =C11+1 -> 45814 | D12: WCQ | E12: Norway v Italy | F12: BTTS | G12: Yes | H12: 1.75 | I12: =L12/16.5 -> 62.479042 | J12: 3-0 | K12: L | L12: =O11 -> 1030.9042 | M12: =IF(K12="w",(H12-1)*I12,-I12) -> -62.479042 | N12: =IF(K12="w",(M12/100*2),0) -> 0 | O12: =L12+M12 -> 968.42515
B13: 7 | C13: =C12+1 -> 45815 | D13: WCQ | E13: Austria v Romania | F13: BTTS | G13: Yes | H13: 2.14 | I13: =L13/16.5 -> 58.692433 | J13: 2-1 | K13: W | L13: =O12 -> 968.42515 | M13: =IF(K13="w",(H13-1)*I13,-I13) -> 66.909374 | N13: =IF(K13="w",(M13/100*2),0) -> 1.3381875 | O13: =L13+M13 -> 1035.3345
B14: 8 | C14: =C13+1 -> 45816 | D14: UNL | E14: Germany vs. France | F14: Draw No Bet | G14: France | H14: 2.08 | I14: =L14/16.5 -> 62.747547 | J14: 0-2 | K14: W | L14: =O13 -> 1035.3345 | M14: =IF(K14="w",(H14-1)*I14,-I14) -> 67.767351 | N14: =IF(K14="w",(M14/100*2),0) -> 1.355347 | O14: =L14+M14 -> 1103.1019
B15: 9 | C15: =C14+1 -> 45817 | D15: WCQ | E15: Belgium vs Wales | F15: BTTS | G15: Yes | H15: 2.04 | I15: =L15/16.5 -> 66.854659 | J15: 4-3 | K15: W | L15: =O14 -> 1103.1019 | M15: =IF(K15="w",(H15-1)*I15,-I15) -> 69.528846 | N15: =IF(K15="w",(M15/100*2),0) -> 1.3905769 | O15: =L15+M15 -> 1172.6307
B16: 10 | C16: =C15+1 -> 45818 | D16: WCQ | E16: Latvia vs. Albania | F16: Match Odds | G16: Albania | H16: 1.88 | I16: =L16/16.5 -> 71.068529 | J16: 1-1 | K16: L | L16: =O15 -> 1172.6307 | M16: =IF(K16="w",(H16-1)*I16,-I16) -> -71.068529 | N16: =IF(K16="w",(M16/100*2),0) -> 0 | O16: =L16+M16 -> 1101.5622
B17: 11 | C17: =C16+1 -> 45819 | D17: SED | E17: Oviedo v Almeria | F17: Draw No Bet | G17: Oviedo | H17: 1.67 | I17: =L17/16.5 -> 66.761345 | J17: 1-1 | K17: D | L17: =O16 -> 1101.5622 | M17: 0 | N17: =IF(K17="w",(M17/100*2),0) -> 0 | O17: =L17+M17 -> 1101.5622
B18: 12 | C18: =C17+1 -> 45820 | D18: SED | E18: Mirandes v Racing Santander | F18: Match Odds | G18: Mirandes | H18: 2.12 | I18: =L18/16.5 -> 66.761345 | J18: 4-1 | K18: W | L18: =O17 -> 1101.5622 | M18: =IF(K18="w",(H18-1)*I18,-I18) -> 74.772706 | N18: =IF(K18="w",(M18/100*2),0) -> 1.4954541 | O18: =L18+M18 -> 1176.3349
B19: 13 | C19: =C18+1 -> 45821 | D19: No Selection | I19: 0 | L19: =O18 -> 1176.3349 | M19: =IF(K19="w",(H19-1)*I19,-I19) -> 0 | N19: =IF(K19="w",(M19/100*2),0) -> 0 | O19: =L19+M19 -> 1176.3349
B20: 14 | C20: =C19+1 -> 45822 | D20: CWC | E20: Al Ahly v Inter Miami | F20: O/U 2.5 | G20: Over | H20: 1.69 | I20: =L20/16.5 -> 71.293024 | J20: 0-0 | K20: L | L20: =O19 -> 1176.3349 | M20: =IF(K20="w",(H20-1)*I20,-I20) -> -71.293024 | N20: =IF(K20="w",(M20/100*2),0) -> 0 | O20: =L20+M20 -> 1105.0419
B21: 15 | C21: =C20+1 -> 45823 | D21: CWC | E21: PSG vs Atlético Madrid | F21: O/U 2.5 | G21: Over | H21: 1.8 | I21: =L21/16.5 -> 66.972235 | J21: 4-0 | K21: W | L21: =O20 -> 1105.0419 | M21: =IF(K21="w",(H21-1)*I21,-I21) -> 53.577788 | N21: =IF(K21="w",(M21/100*2),0) -> 1.0715558 | O21: =L21+M21 -> 1158.6197
B22: 16 | C22: =C21+1 -> 45824 | D22: CWC | E22: Boca Juniors vs. Benfica | F22: Match Odds | G22: Benfica | H22: 1.64 | I22: =L22/16.5 -> 70.219374 | J22: 2-2 | K22: L | L22: =O21 -> 1158.6197 | M22: =IF(K22="w",(H22-1)*I22,-I22) -> -70.219374 | N22: =IF(K22="w",(M22/100*2),0) -> 0 | O22: =L22+M22 -> 1088.4003
B23: 17 | C23: =C22+1 -> 45825 | D23: CWC | E23: Fluminense vs. Dortmund | F23: Match Odds | G23: Dortmund | H23: 1.69 | I23: =L23/16.5 -> 65.963654 | J23: 0-0 | K23: L | L23: =O22 -> 1088.4003 | M23: =IF(K23="w",(H23-1)*I23,-I23) -> -65.963654 | N23: =IF(K23="w",(M23/100*2),0) -> 0 | O23: =L23+M23 -> 1022.4366
B24: 18 | C24: =C23+1 -> 45826 | D24: CWC | E24: Real Madrid v Al Hilal | F24: BTTS | G24: Yes | H24: 1.63 | I24: =L24/16.5 -> 61.965857 | J24: 1-1 | K24: W | L24: =O23 -> 1022.4366 | M24: =IF(K24="w",(H24-1)*I24,-I24) -> 39.03849 | N24: =IF(K24="w",(M24/100*2),0) -> 0.78076979 | O24: =L24+M24 -> 1061.4751
B25: 19 | C25: =C24+1 -> 45827 | D25: CWC | E25: Seattle Sounders v Atletico M | F25: Asian Handicap | G25: Atletico -1 | H25: 1.74 | I25: =L25/16.5 -> 64.331826 | J25: 1-3 | K25: W | L25: =O24 -> 1061.4751 | M25: =IF(K25="w",(H25-1)*I25,-I25) -> 47.605551 | N25: =IF(K25="w",(M25/100*2),0) -> 0.95211102 | O25: =L25+M25 -> 1109.0807
B26: 20 | C26: =C25+1 -> 45828 | D26: CWC | E26: LA FC v Esperance Tunis | F26: BTTS | G26: Yes | H26: 1.86 | I26: =L26/16.5 -> 67.217011 | J26: 0-1 | K26: L | L26: =O25 -> 1109.0807 | M26: =IF(K26="w",(H26-1)*I26,-I26) -> -67.217011 | N26: =IF(K26="w",(M26/100*2),0) -> 0 | O26: =L26+M26 -> 1041.8637
B27: 21 | C27: =C26+1 -> 45829 | D27: CWC | E27: Mamelodis v Dortmund | F27: BTTS | G27: Yes | H27: 1.98 | I27: =L27/16.5 -> 63.143252 | J27: 3-4 | K27: W | L27: =O26 -> 1041.8637 | M27: =IF(K27="w",(H27-1)*I27,-I27) -> 61.880387 | N27: =IF(K27="w",(M27/100*2),0) -> 1.2376077 | O27: =L27+M27 -> 1103.7441
B28: 22 | C28: =C27+1 -> 45830 | D28: CWC | E28: Salzburg v Al-Hilal | F28: Match Odds | G28: Al Hilal | H28: 1.91 | I28: =L28/16.5 -> 66.893579 | J28: 0-0 | K28: L | L28: =O27 -> 1103.7441 | M28: =IF(K28="w",(H28-1)*I28,-I28) -> -66.893579 | N28: =IF(K28="w",(M28/100*2),0) -> 0 | O28: =L28+M28 -> 1036.8505
B29: 23 | C29: =C28+1 -> 45831 | D29: CWC | E29: Seattle Sounders v PSG | F29: PSG win to nil | G29: Yes | H29: 1.91 | I29: =L29/16.5 -> 62.839423 | J29: 0-2 | K29: W | L29: =O28 -> 1036.8505 | M29: =IF(K29="w",(H29-1)*I29,-I29) -> 57.183875 | N29: =IF(K29="w",(M29/100*2),0) -> 1.1436775 | O29: =L29+M29 -> 1094.0343
B30: 24 | C30: =C29+1 -> 45832 | D30: CWC | E30: Benfica v Bayern Munich | F30: O/U 2.5 | G30: Over | H30: 1.66 | I30: =L30/16.5 -> 66.305112 | J30: 1-0 | K30: L | L30: =O29 -> 1094.0343 | M30: =IF(K30="w",(H30-1)*I30,-I30) -> -66.305112 | N30: =IF(K30="w",(M30/100*2),0) -> 0 | O30: =L30+M30 -> 1027.7292
B31: 25 | C31: =C30+1 -> 45833 | D31: CWC | E31: Mamelodi vs Fluminense | F31: BTTS | G31: Yes | H31: 1.97 | I31: =L31/16.5 -> 62.28662 | J31: 0-0 | K31: L | L31: =O30 -> 1027.7292 | M31: =IF(K31="w",(H31-1)*I31,-I31) -> -62.28662 | N31: =IF(K31="w",(M31/100*2),0) -> 0 | O31: =L31+M31 -> 965.44262
B32: 26 | C32: =C31+1 -> 45834 | D32: CWC | E32: Juventus v Man City | F32: O/U 2.5 | G32: Under | H32: 1.99 | I32: =L32/16.5 -> 58.511674 | J32: 2-5 | K32: L | L32: =O31 -> 965.44262 | M32: =IF(K32="w",(H32-1)*I32,-I32) -> -58.511674 | N32: =IF(K32="w",(M32/100*2),0) -> 0 | O32: =L32+M32 -> 906.93094
B33: 27 | C33: =C32+1 -> 45835 | D33: No Selection | I33: 0 | L33: =O32 -> 906.93094 | M33: =IF(K33="w",(H33-1)*I33,-I33) -> 0 | N33: =IF(K33="w",(M33/100*2),0) -> 0 | O33: =L33+M33 -> 906.93094
B34: 28 | C34: =C33+1 -> 45836 | D34: CWC | E34: Benfica v Chelsea | F34: O/U 2.5 | G34: Under | H34: 2.3 | I34: =L34/16.5 -> 54.965512 | J34: 1-1 | K34: W | L34: =O33 -> 906.93094 | M34: =IF(K34="w",(H34-1)*I34,-I34) -> 71.455165 | N34: =IF(K34="w",(M34/100*2),0) -> 1.4291033 | O34: =L34+M34 -> 978.38611
B35: 29 | C35: =C34+1 -> 45837 | D35: CWC | E35: Flamengo v Bayern Munich | F35: O/U 2.5 | G35: Over | H35: 1.86 | I35: =L35/16.5 -> 59.296128 | J35: 2-4 | K35: W | L35: =O34 -> 978.38611 | M35: =IF(K35="w",(H35-1)*I35,-I35) -> 50.99467 | N35: =IF(K35="w",(M35/100*2),0) -> 1.0198934 | O35: =L35+M35 -> 1029.3808
B36: 30 | C36: =C35+1 -> 45838 | D36: CWC | E36: Inter Milan v Fluminense | F36: Asian Handicap | G36: Fluminense +1 | H36: 1.71 | I36: =L36/16.5 -> 62.386714 | J36: 0-2 | K36: W | L36: =O35 -> 1029.3808 | M36: =IF(K36="w",(H36-1)*I36,-I36) -> 44.294567 | N36: =IF(K36="w",(M36/100*2),0) -> 0.88589134 | O36: =L36+M36 -> 1073.6753

Sheet PGX5 - CHART
B2: PRO-GENIE X5 - JUNE 2025: DAILY RESULTS
B4: Day | C4: Profit / Loss (£) | D4: Acc Bank (£)
B5: 0 | C5: 0 | D5: 0
B6: 1 | C6: ='PGX5 - Results'!M7 -> 48.484848 | D6: =D5+C6 -> 48.484848
B7: 2 | C7: ='PGX5 - Results'!M8 -> 0 | D7: =D6+C7 -> 48.484848
B8: 3 | C8: ='PGX5 - Results'!M9 -> 0 | D8: =D7+C8 -> 48.484848
B9: 4 | C9: ='PGX5 - Results'!M10 -> -63.544536 | D9: =D8+C9 -> -15.059688
B10: 5 | C10: ='PGX5 - Results'!M11 -> 45.963881 | D10: =D9+C10 -> 30.904193
B11: 6 | C11: ='PGX5 - Results'!M12 -> -62.479042 | D11: =D10+C11 -> -31.574849
B12: 7 | C12: ='PGX5 - Results'!M13 -> 66.909374 | D12: =D11+C12 -> 35.334526
B13: 8 | C13: ='PGX5 - Results'!M14 -> 67.767351 | D13: =D12+C13 -> 103.10188
B14: 9 | C14: ='PGX5 - Results'!M15 -> 69.528846 | D14: =D13+C14 -> 172.63072
B15: 10 | C15: ='PGX5 - Results'!M16 -> -71.068529 | D15: =D14+C15 -> 101.56219
B16: 11 | C16: ='PGX5 - Results'!M17 -> 0 | D16: =D15+C16 -> 101.56219
B17: 12 | C17: ='PGX5 - Results'!M18 -> 74.772706 | D17: =D16+C17 -> 176.3349
... B35: 30 | C35: ='PGX5 - Results'!M36 -> 44.294567 | D35: =D34+C35 -> 73.675345

Sheet PXCS - Results
F2: Results Tracker: KPI Dashboard | G2: Start Bank (Points) | H2: 50 | I2: End Bank (Points) | J2: =M127+50 -> 55.475186 | K2: Total Points Staked | M2: =H127 -> 38.961
G3: Start Date | H3: ='FTR - Results'!I3 -> 45809 | I3: PnL (Points +/-) | J3: =J2-H2 -> 5.475186 | K3: Return on Investment (ROI) | M3: =J3/M2*100 -> 14.052991
G4: # Matches | H4: 39 | I4: Bank Growth (%) | J4: =J3/H2*100 -> 10.950372 | K4: Return on Capital (ROC) | M4: =J3/H2*100 -> 10.950372
B6: Day # | C6: Date | D6: Comp | E6: Match | F6: PXCS Prediction | G6: Price | H6: Points | I6: FT Result | J6: W/D/L | K6: Points (+/-) | L6: Comm (2%) | M6: Total Points
B7: 1 | C7: =H3 -> 45809 | D7: SUP | E7: Samsunspor v Kayserispor | F7: 1-1 | G7: 9.6 | H7: 0.333 | I7: 2-1 | J7: L | K7: =IF(J7="w",(G7-1)*H7,-H7) -> -0.333 | L7: =IF(J7="w",(K7/100*2),0) -> 0 | M7: =K7-L7 -> -0.333
F8: 2-1 | G8: 10 | H8: 0.333 | J8: W | K8: =IF(J8="w",(G8-1)*H8,-H8) -> 2.997 | L8: =IF(J8="w",(K8/100*2),0) -> 0.05994 | M8: =K8-L8 -> 2.93706
F9: 3-1 | G9: 12.5 | H9: 0.333 | J9: L | K9: =IF(J9="w",(G9-1)*H9,-H9) -> -0.333 | L9: =IF(J9="w",(K9/100*2),0) -> 0 | M9: =K9-L9 -> -0.333
B10: 2 | C10: =C7+1 -> 45810 | D10: No Selection | H10: 0 | K10: =IF(J10="w",(G10-1)*H10,-H10) -> 0 | L10: =IF(J10="w",(K10/100*2),0) -> 0 | M10: =K10-L10 -> 0
C11: =C10+1 -> 45811 | D11: WNL | E11: Spain (W) v England (W) | F11: 1-1 | G11: 10 | H11: 0.333 | I11: 2-1 | J11: L | K11: =IF(J11="w",(G11-1)*H11,-H11) -> -0.333 | L11: =IF(J11="w",(K11/100*2),0) -> 0 | M11: =K11-L11 -> -0.333
B12: 3 | F12: 2-1 | G12: 10 | H12: 0.333 | J12: W | K12: =IF(J12="w",(G12-1)*H12,-H12) -> 2.997 | L12: =IF(J12="w",(K12/100*2),0) -> 0.05994 | M12: =K12-L12 -> 2.93706
F13: 2-2 | G13: 20 | H13: 0.333 | J13: L | K13: =IF(J13="w",(G13-1)*H13,-H13) -> -0.333 | L13: =IF(J13="w",(K13/100*2),0) -> 0 | M13: =K13-L13 -> -0.333
B14: 4 | C14: =C11+1 -> 45812 | D14: UNL | E14: Germany v Portugal | F14: 2-1 | G14: 10 | H14: 0.333 | I14: 1-2 | J14: L | K14: =IF(J14="w",(G14-1)*H14,-H14) -> -0.333 | L14: =IF(J14="w",(K14/100*2),0) -> 0 | M14: =K14-L14 -> -0.333
F15: 2-2 | G15: 14.5 | H15: 0.333 | J15: L | K15: =IF(J15="w",(G15-1)*H15,-H15) -> -0.333 | L15: =IF(J15="w",(K15/100*2),0) -> 0 | M15: =K15-L15 -> -0.333
F16: 3-1 | G16: 17 | H16: 0.333 | J16: L | K16: =IF(J16="w",(G16-1)*H16,-H16) -> -0.333 | L16: =IF(J16="w",(K16/100*2),0) -> 0 | M16: =K16-L16 -> -0.333
B17: 5 | C17: =C14+1 -> 45813 | D17: UNL | E17: Spain v France | F17: 2-1 | G17: 11 | H17: 0.333 | I17: 5-4 | J17: L | K17: =IF(J17="w",(G17-1)*H17,-H17) -> -0.333 | L17: =IF(J17="w",(K17/100*2),0) -> 0 | M17: =K17-L17 -> -0.333
F18: 2-2 | G18: 15.5 | H18: 0.333 | J18: L | K18: =IF(J18="w",(G18-1)*H18,-H18) -> -0.333 | L18: =IF(J18="w",(K18/100*2),0) -> 0 | M18: =K18-L18 -> -0.333
F19: 3-1 | G19: 24 | H19: 0.333 | J19: L | K19: =IF(J19="w",(G19-1)*H19,-H19) -> -0.333 | L19: =IF(J19="w",(K19/100*2),0) -> 0 | M19: =K19-L19 -> -0.333
B20: 6 | C20: =C17+1 -> 45814 | D20: UNL | E20: Norway v Italy | F20: 1-1 | G20: 7 | H20: 0.333 | I20: 3-0 | J20: L | K20: =IF(J20="w",(G20-1)*H20,-H20) -> -0.333 | L20: =IF(J20="w",(K20/100*2),0) -> 0 | M20: =K20-L20 -> -0.333
F21: 2-1 | G21: 12 | H21: 0.333 | J21: L | K21: =IF(J21="w",(G21-1)*H21,-H21) -> -0.333 | L21: =IF(J21="w",(K21/100*2),0) -> 0 | M21: =K21-L21 -> -0.333
F22: 2-2 | G22: 15 | H22: 0.333 | J22: L | K22: =IF(J22="w",(G22-1)*H22,-H22) -> -0.333 | L22: =IF(J22="w",(K22/100*2),0) -> 0 | M22: =K22-L22 -> -0.333
C23: =C20 -> 45814 | D23: UNL | E23: Estonia v Israel | F23: 0-2 | G23: 8.2 | H23: 0.333 | I23: 1-3 | J23: L | K23: =IF(J23="w",(G23-1)*H23,-H23) -> -0.333 | L23: =IF(J23="w",(K23/100*2),0) -> 0 | M23: =K23-L23 -> -0.333
F24: 1-2 | G24: 9.4 | H24: 0.333 | J24: L | K24: =IF(J24="w",(G24-1)*H24,-H24) -> -0.333 | L24: =IF(J24="w",(K24/100*2),0) -> 0 | M24: =K24-L24 -> -0.333
F25: 1-3 | G25: 15 | H25: 0.333 | J25: W | K25: =IF(J25="w",(G25-1)*H25,-H25) -> 4.662 | L25: =IF(J25="w",(K25/100*2),0) -> 0.09324 | M25: =K25-L25 -> 4.56876
B26: 7 | C26: =C23+1 -> 45815 | D26: UNL | E26: Finland v Netherlands | F26: 1-2 | G26: 10 | H26: 0.333 | I26: 0-2 | J26: L | K26: =IF(J26="w",(G26-1)*H26,-H26) -> -0.333 | L26: =IF(J26="w",(K26/100*2),0) -> 0 | M26: =K26-L26 -> -0.333
F27: 0-2 | G27: 7.2 | H27: 0.333 | J27: W | K27: =IF(J27="w",(G27-1)*H27,-H27) -> 2.0646 | L27: =IF(J27="w",(K27/100*2),0) -> 0.041292 | M27: =K27-L27 -> 2.023308
F28: 1-3 | G28: 13 | H28: 0.333 | J28: L | K28: =IF(J28="w",(G28-1)*H28,-H28) -> -0.333 | L28: =IF(J28="w",(K28/100*2),0) -> 0 | M28: =K28-L28 -> -0.333
C29: =C26 -> 45815 | D29: UNL | E29: Austria v Romania | F29: 1-1 | G29: 11.5 | H29: 0.333 | I29: 2-1 | J29: L | K29: =IF(J29="w",(G29-1)*H29,-H29) -> -0.333 | L29: =IF(J29="w",(K29/100*2),0) -> 0 | M29: =K29-L29 -> -0.333
F30: 2-1 | G30: 9.8 | H30: 0.333 | J30: W | K30: =IF(J30="w",(G30-1)*H30,-H30) -> 2.9304 | L30: =IF(J30="w",(K30/100*2),0) -> 0.058608 | M30: =K30-L30 -> 2.871792
F31: 3-1 | G31: 13 | H31: 0.333 | J31: L | K31: =IF(J31="w",(G31-1)*H31,-H31) -> -0.333 | L31: =IF(J31="w",(K31/100*2),0) -> 0 | M31: =K31-L31 -> -0.333
B32: 8 | C32: =C29+1 -> 45816 | D32: UNL | E32: Portugal v Spain | F32: 0-2 | G32: 13 | H32: 0.333 | I32: 2-2 | J32: L | K32: =IF(J32="w",(G32-1)*H32,-H32) -> -0.333 | L32: =IF(J32="w",(K32/100*2),0) -> 0 | M32: =K32-L32 -> -0.333
F33: 1-2 | G33: 10 | H33: 0.333 | J33: L | K33: =IF(J33="w",(G33-1)*H33,-H33) -> -0.333 | L33: =IF(J33="w",(K33/100*2),0) -> 0 | M33: =K33-L33 -> -0.333
F34: 2-2 | G34: 14.5 | H34: 0.333 | J34: W | K34: =IF(J34="w",(G34-1)*H34,-H34) -> 4.4955 | L34: =IF(J34="w",(K34/100*2),0) -> 0.08991 | M34: =K34-L34 -> 4.40559
C35: =C32 -> 45816 | D35: UNL | E35: Germany v France | F35: 0-2 | G35: 13 | H35: 0.333 | I35: 0-2 | J35: W | K35: =IF(J35="w",(G35-1)*H35,-H35) -> 3.996 | L35: =IF(J35="w",(K35/100*2),0) -> 0.07992 | M35: =K35-L35 -> 3.91608
F36: 1-2 | G36: 12 | H36: 0.333 | J36: L | K36: =IF(J36="w",(G36-1)*H36,-H36) -> -0.333 | L36: =IF(J36="w",(K36/100*2),0) -> 0 | M36: =K36-L36 -> -0.333
F37: 2-2 | G37: 13 | H37: 0.333 | J37: L | K37: =IF(J37="w",(G37-1)*H37,-H37) -> -0.333 | L37: =IF(J37="w",(K37/100*2),0) -> 0 | M37: =K37-L37 -> -0.333
B38: 9 | C38: =C35+1 -> 45817 | D38: UNL | E38: Croatia v Czech Republic | F38: 2-1 | G38: 9.6 | H38: 0.333 | I38: 5-1 | J38: L | K38: =IF(J38="w",(G38-1)*H38,-H38) -> -0.333 | L38: =IF(J38="w",(K38/100*2),0) -> 0 | M38: =K38-L38 -> -0.333
F39: 3-1 | G39: 18.5 | H39: 0.333 | J39: L | K39: =IF(J39="w",(G39-1)*H39,-H39) -> -0.333 | L39: =IF(J39="w",(K39/100*2),0) -> 0 | M39: =K39-L39 -> -0.333
F40: 2-2 | G40: 17 | H40: 0.333 | J40: L | K40: =IF(J40="w",(G40-1)*H40,-H40) -> -0.333 | L40: =IF(J40="w",(K40/100*2),0) -> 0 | M40: =K40-L40 -> -0.333
C41: =C38 -> 45817 | D41: UNL | E41: Belgium v Wales | F41: 2-1 | G41: 9.6 | H41: 0.333 | I41: 4-3 | J41: L | K41: =IF(J41="w",(G41-1)*H41,-H41) -> -0.333 | L41: =IF(J41="w",(K41/100*2),0) -> 0 | M41: =K41-L41 -> -0.333
F42: 3-1 | G42: 14 | H42: 0.333 | J42: L | K42: =IF(J42="w",(G42-1)*H42,-H42) -> -0.333 | L42: =IF(J42="w",(K42/100*2),0) -> 0 | M42: =K42-L42 -> -0.333
F43: 2-2 | G43: 23 | H43: 0.333 | J43: L | K43: =IF(J43="w",(G43-1)*H43,-H43) -> -0.333 | L43: =IF(J43="w",(K43/100*2),0) -> 0 | M43: =K43-L43 -> -0.333
B44: 10 | C44: =C41+1 -> 45818 | D44: WCQ | E44: Finland v Poland | F44: 0-1 | G44: 7.6 | H44: 0.333 | I44: 2-1 | J44: L | K44: =IF(J44="w",(G44-1)*H44,-H44) -> -0.333 | L44: =IF(J44="w",(K44/100*2),0) -> 0 | M44: =K44-L44 -> -0.333
F45: 0-2 | G45: 11.5 | H45: 0.333 | J45: L | K45: =IF(J45="w",(G45-1)*H45,-H45) -> -0.333 | L45: =IF(J45="w",(K45/100*2),0) -> 0 | M45: =K45-L45 -> -0.333
F46: 1-2 | G46: 10.5 | H46: 0.333 | J46: L | K46: =IF(J46="w",(G46-1)*H46,-H46) -> -0.333 | L46: =IF(J46="w",(K46/100*2),0) -> 0 | M46: =K46-L46 -> -0.333
C47: =C44 -> 45818 | D47: WCQ | E47: Romania v Cyprus | F47: 1-0 | G47: 7.8 | H47: 0.333 | I47: 2-0 | J47: L | K47: =IF(J47="w",(G47-1)*H47,-H47) -> -0.333 | L47: =IF(J47="w",(K47/100*2),0) -> 0 | M47: =K47-L47 -> -0.333
F48: 2-0 | G48: 7.4 | H48: 0.333 | J48: W | K48: =IF(J48="w",(G48-1)*H48,-H48) -> 2.1312 | L48: =IF(J48="w",(K48/100*2),0) -> 0.042624 | M48: =K48-L48 -> 2.088576
F49: 2-1 | G49: 9.8 | H49: 0.333 | J49: L | K49: =IF(J49="w",(G49-1)*H49,-H49) -> -0.333 | L49: =IF(J49="w",(K49/100*2),0) -> 0 | M49: =K49-L49 -> -0.333
B50: 11 | C50: =C47+1 -> 45819 | D50: SED | E50: Oviedo v Almeria | F50: 1-0 | G50: 8 | H50: 0.333 | I50: 1-1 | J50: L | K50: =IF(J50="w",(G50-1)*H50,-H50) -> -0.333 | L50: =IF(J50="w",(K50/100*2),0) -> 0 | M50: =K50-L50 -> -0.333
F51: 1-1 | G51: 7 | H51: 0.333 | J51: W | K51: =IF(J51="w",(G51-1)*H51,-H51) -> 1.998 | L51: =IF(J51="w",(K51/100*2),0) -> 0.03996 | M51: =K51-L51 -> 1.95804
F52: 2-1 | G52: 10.5 | H52: 0.333 | J52: L | K52: =IF(J52="w",(G52-1)*H52,-H52) -> -0.333 | L52: =IF(J52="w",(K52/100*2),0) -> 0 | M52: =K52-L52 -> -0.333
B53: 12 | C53: =C50+1 -> 45820 | D53: SED | E53: Mirandes v Racing Santander | F53: 1-0 | G53: 9.6 | H53: 0.333 | I53: 4-1 | J53: L | K53: =IF(J53="w",(G53-1)*H53,-H53) -> -0.333 | L53: =IF(J53="w",(K53/100*2),0) -> 0 | M53: =K53-L53 -> -0.333
F54: 2-0 | G54: 12 | H54: 0.333 | J54: L | K54: =IF(J54="w",(G54-1)*H54,-H54) -> -0.333 | L54: =IF(J54="w",(K54/100*2),0) -> 0 | M54: =K54-L54 -> -0.333
F55: 2-1 | G55: 9.8 | H55: 0.333 | J55: L | K55: =IF(J55="w",(G55-1)*H55,-H55) -> -0.333 | L55: =IF(J55="w",(K55/100*2),0) -> 0 | M55: =K55-L55 -> -0.333
B56: 13 | C56: =C53+1 -> 45821 | D56: No Selection | H56: 0 | K56: =IF(J56="w",(G56-1)*H56,-H56) -> 0 | L56: =IF(J56="w",(K56/100*2),0) -> 0 | M56: =K56-L56 -> 0
B57: 14 | C57: =C56+1 -> 45822 | D57: CWC | E57: Al Ahly v Inter Miami | F57: 2-1 | G57: 14 | H57: 0.333 | I57: 0-0 | J57: L | K57: =IF(J57="w",(G57-1)*H57,-H57) -> -0.333 | L57: =IF(J57="w",(K57/100*2),0) -> 0 | M57: =K57-L57 -> -0.333
F58: 3-1 | G58: 30 | H58: 0.333 | J58: L | K58: =IF(J58="w",(G58-1)*H58,-H58) -> -0.333 | L58: =IF(J58="w",(K58/100*2),0) -> 0 | M58: =K58-L58 -> -0.333
F59: 2-2 | G59: 13 | H59: 0.333 | J59: L | K59: =IF(J59="w",(G59-1)*H59,-H59) -> -0.333 | L59: =IF(J59="w",(K59/100*2),0) -> 0 | M59: =K59-L59 -> -0.333
B60: 15 | C60: =C57+1 -> 45823 | D60: CWC | E60: PSG v Atletico Madrid | F60: 2-1 | G60: 10 | H60: 0.333 | I60: 4-0 | J60: L | K60: =IF(J60="w",(G60-1)*H60,-H60) -> -0.333 | L60: =IF(J60="w",(K60/100*2),0) -> 0 | M60: =K60-L60 -> -0.333
F61: 3-2 | G61: 28 | H61: 0.333 | J61: L | K61: =IF(J61="w",(G61-1)*H61,-H61) -> -0.333 | L61: =IF(J61="w",(K61/100*2),0) -> 0 | M61: =K61-L61 -> -0.333
F62: 2-2 | G62: 15 | H62: 0.333 | J62: L | K62: =IF(J62="w",(G62-1)*H62,-H62) -> -0.333 | L62: =IF(J62="w",(K62/100*2),0) -> 0 | M62: =K62-L62 -> -0.333
B63: 16 | C63: =C60+1 -> 45824 | D63: CWC | E63: Boca Juniors v Benfica | F63: 0-1 | G63: 7.6 | H63: 0.333 | I63: 2-2 | J63: L | K63: =IF(J63="w",(G63-1)*H63,-H63) -> -0.333 | L63: =IF(J63="w",(K63/100*2),0) -> 0 | M63: =K63-L63 -> -0.333
F64: 0-2 | G64: 8.4 | H64: 0.333 | J64: L | K64: =IF(J64="w",(G64-1)*H64,-H64) -> -0.333 | L64: =IF(J64="w",(K64/100*2),0) -> 0 | M64: =K64-L64 -> -0.333
F65: 1-2 | G65: 9.6 | H65: 0.333 | J65: L | K65: =IF(J65="w",(G65-1)*H65,-H65) -> -0.333 | L65: =IF(J65="w",(K65/100*2),0) -> 0 | M65: =K65-L65 -> -0.333
B66: 17 | C66: =C63+1 -> 45825 | D66: CWC | E66: Fluminense v Dortmund | F66: 0-1 | G66: 7.8 | H66: 0.333 | I66: 0-0 | J66: L | K66: =IF(J66="w",(G66-1)*H66,-H66) -> -0.333 | L66: =IF(J66="w",(K66/100*2),0) -> 0 | M66: =K66-L66 -> -0.333
F67: 1-2 | G67: 9.2 | H67: 0.333 | J67: L | K67: =IF(J67="w",(G67-1)*H67,-H67) -> -0.333 | L67: =IF(J67="w",(K67/100*2),0) -> 0 | M67: =K67-L67 -> -0.333
F68: 1-3 | G68: 17 | H68: 0.333 | J68: L | K68: =IF(J68="w",(G68-1)*H68,-H68) -> -0.333 | L68: =IF(J68="w",(K68/100*2),0) -> 0 | M68: =K68-L68 -> -0.333
C69: =C66 -> 45825 | D69: CWC | E69: River Plate v Urawa | F69: 1-0 | G69: 7.6 | H69: 0.333 | I69: 3-1 | J69: L | K69: =IF(J69="w",(G69-1)*H69,-H69) -> -0.333 | L69: =IF(J69="w",(K69/100*2),0) -> 0 | M69: =K69-L69 -> -0.333
F70: 2-0 | G70: 8 | H70: 0.333 | J70: L | K70: =IF(J70="w",(G70-1)*H70,-H70) -> -0.333 | L70: =IF(J70="w",(K70/100*2),0) -> 0 | M70: =K70-L70 -> -0.333
F71: 2-1 | G71: 9.6 | H71: 0.333 | J71: L | K71: =IF(J71="w",(G71-1)*H71,-H71) -> -0.333 | L71: =IF(J71="w",(K71/100*2),0) -> 0 | M71: =K71-L71 -> -0.333
B72: 18 | C72: =C69+1 -> 45826 | D72: CWC | E72: Real Madrid v Al-Hilal | F72: 2-1 | G72: 10 | H72: 0.333 | I72: 1-1 | J72: L | K72: =IF(J72="w",(G72-1)*H72,-H72) -> -0.333 | L72: =IF(J72="w",(K72/100*2),0) -> 0 | M72: =K72-L72 -> -0.333
F73: 2-2 | G73: 20 | H73: 0.333 | J73: L | K73: =IF(J73="w",(G73-1)*H73,-H73) -> -0.333 | L73: =IF(J73="w",(K73/100*2),0) -> 0 | M73: =K73-L73 -> -0.333
F74: 3-2 | G74: 22 | H74: 0.333 | J74: L | K74: =IF(J74="w",(G74-1)*H74,-H74) -> -0.333 | L74: =IF(J74="w",(K74/100*2),0) -> 0 | M74: =K74-L74 -> -0.333
B75: 19 | C75: =C72+1 -> 45827 | D75: CWC | E75: Inter Miami v Porto | F75: 1-2 | G75: 10 | H75: 0.333 | I75: 2-1 | J75: L | K75: =IF(J75="w",(G75-1)*H75,-H75) -> -0.333 | L75: =IF(J75="w",(K75/100*2),0) -> 0 | M75: =K75-L75 -> -0.333
F76: 1-3 | G76: 16 | H76: 0.333 | J76: L | K76: =IF(J76="w",(G76-1)*H76,-H76) -> -0.333 | L76: =IF(J76="w",(K76/100*2),0) -> 0 | M76: =K76-L76 -> -0.333
F77: 2-2 | G77: 13 | H77: 0.333 | J77: L | K77: =IF(J77="w",(G77-1)*H77,-H77) -> -0.333 | L77: =IF(J77="w",(K77/100*2),0) -> 0 | M77: =K77-L77 -> -0.333
C78: =C75 -> 45827 | D78: CWC | E78: Seattle Sounders v Atletico Madrid | F78: 0-2 | G78: 7.8 | H78: 0.333 | I78: 1-3 | J78: L | K78: =IF(J78="w",(G78-1)*H78,-H78) -> -0.333 | L78: =IF(J78="w",(K78/100*2),0) -> 0 | M78: =K78-L78 -> -0.333
F79: 0-3 | G79: 11 | H79: 0.333 | J79: L | K79: =IF(J79="w",(G79-1)*H79,-H79) -> -0.333 | L79: =IF(J79="w",(K79/100*2),0) -> 0 | M79: =K79-L79 -> -0.333
F80: 1-3 | G80: 14.5 | H80: 0.333 | J80: W | K80: =IF(J80="w",(G80-1)*H80,-H80) -> 4.4955 | L80: =IF(J80="w",(K80/100*2),0) -> 0.08991 | M80: =K80-L80 -> 4.40559
B81: 20 | C81: =C78+1 -> 45828 | D81: CWC | E81: Flamengo v Chelsea | F81: 0-1 | G81: 9 | H81: 0.333 | I81: 3-1 | J81: L | K81: =IF(J81="w",(G81-1)*H81,-H81) -> -0.333 | L81: =IF(J81="w",(K81/100*2),0) -> 0 | M81: =K81-L81 -> -0.333
F82: 0-2 | G82: 11.5 | H82: 0.333 | J82: L | K82: =IF(J82="w",(G82-1)*H82,-H82) -> -0.333 | L82: =IF(J82="w",(K82/100*2),0) -> 0 | M82: =K82-L82 -> -0.333
F83: 1-2 | G83: 10 | H83: 0.333 | J83: L | K83: =IF(J83="w",(G83-1)*H83,-H83) -> -0.333 | L83: =IF(J83="w",(K83/100*2),0) -> 0 | M83: =K83-L83 -> -0.333
C84: =C81 -> 45828 | D84: CWC | E84: LA FC v Tunis | F84: 1-1 | G84: 7.6 | H84: 0.333 | I84: 0-1 | J84: L | K84: =IF(J84="w",(G84-1)*H84,-H84) -> -0.333 | L84: =IF(J84="w",(K84/100*2),0) -> 0 | M84: =K84-L84 -> -0.333
F85: 1-2 | G85: 16 | H85: 0.333 | J85: L | K85: =IF(J85="w",(G85-1)*H85,-H85) -> -0.333 | L85: =IF(J85="w",(K85/100*2),0) -> 0 | M85: =K85-L85 -> -0.333
F86: 2-1 | G86: 10 | H86: 0.333 | J86: L | K86: =IF(J86="w",(G86-1)*H86,-H86) -> -0.333 | L86: =IF(J86="w",(K86/100*2),0) -> 0 | M86: =K86-L86 -> -0.333
B87: 21 | C87: =C84+1 -> 45829 | D87: CWC | E87: Mamelodi v Dortmund | F87: 1-2 | G87: 9.4 | H87: 0.333 | I87: 3-4 | J87: L | K87: =IF(J87="w",(G87-1)*H87,-H87) -> -0.333 | L87: =IF(J87="w",(K87/100*2),0) -> 0 | M87: =K87-L87 -> -0.333
F88: 2-2 | G88: 24 | H88: 0.333 | J88: L | K88: =IF(J88="w",(G88-1)*H88,-H88) -> -0.333 | L88: =IF(J88="w",(K88/100*2),0) -> 0 | M88: =K88-L88 -> -0.333
F89: 1-3 | G89: 14 | H89: 0.333 | J89: L | K89: =IF(J89="w",(G89-1)*H89,-H89) -> -0.333 | L89: =IF(J89="w",(K89/100*2),0) -> 0 | M89: =K89-L89 -> -0.333
B90: 22 | C90: =C87+1 -> 45830 | D90: CWC | E90: Real Madrid v Pachuca | F90: 2-1 | G90: 10 | H90: 0.333 | I90: 3-1 | J90: L | K90: =IF(J90="w",(G90-1)*H90,-H90) -> -0.333 | L90: =IF(J90="w",(K90/100*2),0) -> 0 | M90: =K90-L90 -> -0.333
F91: 3-1 | G91: 12.5 | H91: 0.333 | J91: W | K91: =IF(J91="w",(G91-1)*H91,-H91) -> 3.8295 | L91: =IF(J91="w",(K91/100*2),0) -> 0.07659 | M91: =K91-L91 -> 3.75291
F92: 3-0 | G92: 11 | H92: 0.333 | J92: L | K92: =IF(J92="w",(G92-1)*H92,-H92) -> -0.333 | L92: =IF(J92="w",(K92/100*2),0) -> 0 | M92: =K92-L92 -> -0.333
C93: =C90 -> 45830 | D93: CWC | E93: RB Salzburg v Al Hilal | F93: 1-2 | G93: 10 | H93: 0.333 | I93: 0-0 | J93: L | K93: =IF(J93="w",(G93-1)*H93,-H93) -> -0.333 | L93: =IF(J93="w",(K93/100*2),0) -> 0 | M93: =K93-L93 -> -0.333
F94: 2-2 | G94: 13 | H94: 0.333 | J94: L | K94: =IF(J94="w",(G94-1)*H94,-H94) -> -0.333 | L94: =IF(J94="w",(K94/100*2),0) -> 0 | M94: =K94-L94 -> -0.333
F95: 1-3 | G95: 15 | H95: 0.333 | J95: L | K95: =IF(J95="w",(G95-1)*H95,-H95) -> -0.333 | L95: =IF(J95="w",(K95/100*2),0) -> 0 | M95: =K95-L95 -> -0.333
B96: 23 | C96: =C93+1 -> 45831 | D96: CWC | E96: Atletico Madrid v Botafogo | F96: 2-0 | G96: 9 | H96: 0.333 | I96: 1-0 | J96: L | K96: =IF(J96="w",(G96-1)*H96,-H96) -> -0.333 | L96: =IF(J96="w",(K96/100*2),0) -> 0 | M96: =K96-L96 -> -0.333
F97: 2-1 | G97: 9.8 | H97: 0.333 | J97: L | K97: =IF(J97="w",(G97-1)*H97,-H97) -> -0.333 | L97: =IF(J97="w",(K97/100*2),0) -> 0 | M97: =K97-L97 -> -0.333
F98: 3-1 | G98: 16 | H98: 0.333 | J98: L | K98: =IF(J98="w",(G98-1)*H98,-H98) -> -0.333 | L98: =IF(J98="w",(K98/100*2),0) -> 0 | M98: =K98-L98 -> -0.333
C99: =C96 -> 45831 | D99: CWC | E99: Seattle Sounders v PSG | F99: 0-2 | G99: 8.4 | H99: 0.333 | I99: 0-2 | J99: W | K99: =IF(J99="w",(G99-1)*H99,-H99) -> 2.4642 | L99: =IF(J99="w",(K99/100*2),0) -> 0.049284 | M99: =K99-L99 -> 2.414916
F100: 0-3 | G100: 8.4 | H100: 0.333 | J100: L | K100: =IF(J100="w",(G100-1)*H100,-H100) -> -0.333 | L100: =IF(J100="w",(K100/100*2),0) -> 0 | M100: =K100-L100 -> -0.333
F101: 1-3 | G101: 12.5 | H101: 0.333 | J101: L | K101: =IF(J101="w",(G101-1)*H101,-H101) -> -0.333 | L101: =IF(J101="w",(K101/100*2),0) -> 0 | M101: =K101-L101 -> -0.333
B102: 24 | C102: =C99+1 -> 45832 | D102: CWC | E102: Benfica v Bayern Munich | F102: 1-2 | G102: 10 | H102: 0.333 | I102: 1-0 | J102: L | K102: =IF(J102="w",(G102-1)*H102,-H102) -> -0.333 | L102: =IF(J102="w",(K102/100*2),0) -> 0 | M102: =K102-L102 -> -0.333
...

Sheet PXCS - CHART
B2: PR0-XCS - JUNE 2025: DAILY RESULTS
B4: Day | C4: Day Points: Profit / Loss | D4: Accumulated Points
B5: 0 | C5: 0 | D5: 0
B6: 1 | C6: =SUM('PXCS - Results'!M7:M9) -> 2.27106 | D6: =C6+D5 -> 2.27106
B7: 2 | C7: =SUM('PXCS - Results'!M10) -> 0 | D7: =D6+C7 -> 2.27106
B8: 3 | C8: =SUM('PXCS - Results'!M11:M13) -> 2.27106 | D8: =D7+C8 -> 4.54212
B9: 4 | C9: =SUM('PXCS - Results'!M14:M16) -> -0.999 | D9: =D8+C9 -> 3.54312
B10: 5 | C10: =SUM('PXCS - Results'!M17:M19) -> -0.999 | D10: =D9+C10 -> 2.54412
B11: 6 | C11: =SUM('PXCS - Results'!M20:M25) -> 2.90376 | D11: =D10+C11 -> 5.44788
B12: 7 | C12: =SUM('PXCS - Results'!M26:M31) -> 3.5631 | D12: =D11+C12 -> 9.01098
B13: 8 | C13: =SUM('PXCS - Results'!M32:M37) -> 6.98967 | D13: =D12+C13 -> 16.00065
B14: 9 | C14: =SUM('PXCS - Results'!M38:M43) -> -1.998 | D14: =D13+C14 -> 14.00265
B15: 10 | C15: =SUM('PXCS - Results'!M44:M49) -> 0.423576 | D15: =D14+C15 -> 14.426226
B16: 11 | C16: =SUM('PXCS - Results'!M50:M52) -> 1.29204 | D16: =D15+C16 -> 15.718266
B17: 12 | C17: =SUM('PXCS - Results'!M53:M55) -> -0.999 | D17: =D16+C17 -> 14.719266
B18: 13 | C18: =SUM('PXCS - Results'!M56) -> 0 | D18: =D17+C18 -> 14.719266
B19: 14 | C19: =SUM('PXCS - Results'!M57:M59) -> -0.999 | D19: =D18+C19 -> 13.720266
B20: 15 | C20: =SUM('PXCS - Results'!M60:M62) -> -0.999 | D20: =D19+C20 -> 12.721266
B21: 16 | C21: =SUM('PXCS - Results'!M63:M65) -> -0.999 | D21: =D20+C21 -> 11.722266
B22: 17 | C22: =SUM('PXCS - Results'!M66:M71) -> -1.998 | D22: =D21+C22 -> 9.724266
B23: 18 | C23: =SUM('PXCS - Results'!M72:M74) -> -0.999 | D23: =D22+C23 -> 8.725266
B24: 19 | C24: =SUM('PXCS - Results'!M75:M80) -> 2.74059 | D24: =D23+C24 -> 11.465856
B25: 20 | C25: =SUM('PXCS - Results'!M81:M86) -> -1.998 | D25: =D24+C25 -> 9.467856
B26: 21 | C26: =SUM('PXCS - Results'!M87:M89) -> -0.999 | D26: =D25+C26 -> 8.468856
B27: 22 | C27: =SUM('PXCS - Results'!M90:M95) -> 2.08791 | D27: =D26+C27 -> 10.556766
B28: 23 | C28: =SUM('PXCS - Results'!M96:M101) -> 0.749916 | D28: =D27+C28 -> 11.306682
B29: 24 | C29: =SUM('PXCS - Results'!M102:M104) -> -0.999 | D29: =D28+C29 -> 10.307682
B30: 25 | C30: =SUM('PXCS - Results'!M105:M107) -> -0.999 | D30: =D29+C30 -> 9.308682
B31: 26 | C31: =SUM('PXCS - Results'!M108:M110) -> -0.999 | D31: =D30+C31 -> 8.309682
B32: 27 | C32: =SUM('PXCS - Results'!M111) -> 0 | D32: =D31+C32 -> 8.309682
B33: 28 | C33: =SUM('PXCS - Results'!M112:M117) -> 0.162504 | D33: =D32+C33 -> 8.472186
B34: 29 | C34: =SUM('PXCS - Results'!M118:M123) -> -1.998 | D34: =D33+C34 -> 6.474186
B35: 30 | C35: =SUM('PXCS - Results'!M124:M126) -> -0.999 | D35: =D34+C35 -> 5.475186
